 Dungeon Crawl Stone Soup version 0.25-a0-815-gab441bd002 (webtiles) character file.

Game seed: 7134725739044884572, levelgen mode: deterministic

1568 Maedhros the Insei (level 8, 0/48 HPs)
             Began as an Octopode Artificer on Apr 20, 2020.
             Succumbed to a worker ant's poison
             ... on level 7 of the Dungeon.
             The game lasted 00:09:33 (1763 turns).

Maedhros the Insei (Octopode Artificer)             Turns: 1763, Time: 00:09:33

Health: 0/48       AC:  3    Str: 12    XL:     8   Next: 90%
Magic:  10/10      EV: 11    Int: 16    God:
Gold:   123        SH: 14    Dex: 14    Spells: 5/7 levels left

rFire    . . .     SeeInvis .     - Unarmed
rCold    . . .     Gourm    .   h - +5 kite shield
rNeg     . . .     Faith    .   (helmet restricted)
rPois    .         Spirit   .   m - amulet of rage
rElec    .         Reflect  .   k - +2 ring of protection
rCorr    .         Harm     .   q - +3 ring of intelligence
MR       .....                  (no ring)
Stlth    +++.......             (no ring)
HPRegen  0.16/turn              (no ring)
MPRegen  0.12/turn              (no ring)
                                (no ring)
                                (no ring)

@: lethally poisoned (0 -> -5)
A: almost no armour, stealthy swim, amphibious, 8 rings, constrict 8, camouflage
1, gelatinous body 1
a: Evoke Berserk Rage


You were on level 7 of the Dungeon.
You were not hungry.

You visited 2 branches of the dungeon, and saw 8 of its levels.

You collected 123 gold pieces.

Inventory:

Armour
 h - a +5 kite shield (worn)
Jewellery
 g - a +3 amulet of reflection
 k - a +2 ring of protection (left tentacle)
 m - an amulet of rage (around mantle)
 q - a +3 ring of intelligence (right tentacle)
Wands
 b - a wand of flame (1)
 c - a wand of enslavement (19)
 d - a wand of random effects (3)
 r - a wand of scattershot (4)
Scrolls
 e - a scroll of enchant weapon
 j - 2 scrolls of identify
 l - a scroll of blinking {unknown}
 o - a scroll of teleportation
 p - a scroll of amnesia {unknown}
Potions
 a - 3 potions of curing {unknown}
 i - a potion of cancellation
 n - a potion of stabbing
 t - 2 potions of resistance {unknown}
Comestibles
 f - 7 rations
 s - 7 chunks of flesh


   Skills:
 - Level 1.0 Fighting
   Level 1.0 Short Blades
 - Level 2.0 Dodging
 - Level 1.5 Stealth
 + Level 5.3 Shields
 * Level 7.8 Unarmed Combat
 - Level 3.1 Necromancy
 - Level 3.1 Translocations
 - Level 3.3 Evocations


You had 5 spell levels left.
You knew the following spells:

 Your Spells              Type           Power        Failure   Level  Hunger
a - Animate Skeleton      Necr           N/A          24%         1    ##.....
b - Apportation           Tloc           ##....       24%         1    ##.....

Your spell library contained the following spells:

 Spells                   Type           Power        Failure   Level  Hunger
 Corona                   Hex            #......      65%         1    ##.....
 Summon Small Mammal      Summ           #...         65%         1    ##.....


Dungeon Overview and Level Annotations

Branches:
Dungeon (7/15)             Temple (1/1) D:5

Altars:
Ashenzari
Dithmenos
Fedhas
Kikubaaqudgha
Makhleb
Nemelex Xobeh
Okawaru
Qazlal
Ru
Sif Muna
Trog
Uskayaw
Vehumet
Wu Jian
Zin
The Shining One

Shops:
D:4 [

Annotations:
D:4 2 transporters, Dowan; Duvessa; Maedhros's ghost, amateur OpAr; Robin


Innate Abilities, Weirdness & Mutations

You cannot wear most types of armour.
You are very stealthy in the water. (Stealth+)
You are amphibious.
You can wear up to eight rings at the same time.
You can use your tentacles to constrict eight enemies at once.
Your skin changes colour to match your surroundings (Stealth+).
Your rubbery body absorbs attacks. (AC +1, EV +1)


Message History

Your shield prevents you from hitting the worker ant.
Your grab misses the worker ant.
You squeeze the worker ant, but do no damage.
You block the worker ant's attack.
You barely miss the worker ant. You grab the worker ant.
You constrict the worker ant, but do no damage.
You block the worker ant's attack.
Unknown command.
You tentacle-slap the worker ant but do no damage.
You constrict the worker ant. The worker ant bites you.
* * * LOW HITPOINT WARNING * * *
You are poisoned.
The worker ant poisons you!
You tentacle-slap the worker ant but do no damage.
The worker ant is lightly wounded.
You constrict the worker ant.
You feel sick. The worker ant bites you!
* * * LOW HITPOINT WARNING * * *
You bludgeon the worker ant! You squeeze the worker ant.
You kill the worker ant!
You die...

#### #... ######.## ##
##.......### .##
#...........
#.####.....#..#
..............###
.....#..........####..##
................@.......
.......#...#.#..####.$##
.......##.##.#..#
.......#####.#..#
.......# #.#..# .###...#
...... ........ ..#####
.......## .# ###


There were no monsters in sight!

Vanquished Creatures
  A hippogriff (D:7)
  Eustachio (D:4)
  An orc warrior (D:6)
  A phantom (D:7)
  2 sky beasts
  An ogre (D:7)
  A bullfrog (D:7)
  3 wights (D:6)
  An electric eel (D:7)
  2 howler monkeys (D:4)
  A crimson imp (D:7)
  A bullfrog zombie (D:7)
  A centaur zombie (D:6)
  A bullfrog skeleton (D:6)
  A hound (D:4)
  An orc wizard (D:5)
  Jessica (D:2)
  An iguana (D:7)
  A worker ant (D:7)
  A mummy (D:4)
  3 gnolls (D:6)
  3 adders
  A worm (D:5)
  6 leopard geckos
  11 orcs
  2 ball pythons
  A bat (D:2)
  A giant cockroach (D:1)
  2 goblins (D:3)
  8 jackals
  A kobold (D:3)
  2 quokkas
  A frilled lizard (D:3)
  A hobgoblin zombie (D:4)
  A kobold zombie (D:4)
  2 orc zombies (D:4)
70 creatures vanquished.

Vanquished Creatures (collateral kills)
  An ogre (D:6)
  A bullfrog (D:6)
  A scorpion (D:6)
  An orc wizard (D:6)
  An adder skeleton (D:4)
  7 orcs (D:6)
12 creatures vanquished.

Vanquished Creatures (others)
  A wight (D:6)
  An orc (D:5)
  2 plants (D:4)
4 creatures vanquished.

Grand Total: 86 creatures vanquished

Notes
Turn   | Place    | Note
-------+----------+-------------------------------------------
     0 | D:1      | Maedhros the Octopode Artificer began the quest for the
                  | Orb.
     0 | D:1      | Reached XP level 1. HP: 13/13 MP: 3/3
    89 | D:2      | Noticed Jessica
    91 | D:2      | Found an iron altar of Okawaru.
   125 | D:2      | Killed Jessica
   125 | D:2      | Reached skill level 1 in Shields
   125 | D:2      | Reached skill level 2 in Unarmed Combat
   125 | D:2      | Reached XP level 2. HP: 18/18 MP: 4/4
   125 | D:2      | Reached XP level 3. HP: 23/23 MP: 5/5
   240 | D:4      | Noticed Duvessa
   244 | D:4      | Found a transporter.
   286 | D:4      | Noticed Robin
   288 | D:4      | Noticed Eustachio
   379 | D:5      | Entered Level 5 of the Dungeon
   437 | D:4      | Reached skill level 3 in Unarmed Combat
   437 | D:4      | Reached XP level 4. HP: 14/28 MP: 6/6
   438 | D:4      | Reached XP level 5. HP: 16/33 MP: 7/7
   505 | D:4      | Found Wyzeatog's Antique Armour Emporium.
   515 | D:4      | Killed Eustachio
   515 | D:4      | Reached skill level 4 in Unarmed Combat
   515 | D:4      | Reached XP level 6. HP: 17/38 MP: 8/8
   621 | D:4      | Found a transporter.
   630 | D:4      | Noticed Maedhros's ghost (amateur OpAr)
   641 | D:4      | Learned a level 1 spell: Animate Skeleton
   643 | D:4      | Learned a level 1 spell: Apportation
   662 | D:4      | Noticed Dowan
   733 | D:4      | Reached skill level 5 in Unarmed Combat
   825 | D:6      | Reached skill level 1 in Necromancy
   825 | D:6      | Reached skill level 1 in Translocations
   825 | D:6      | Reached XP level 7. HP: 14/43 MP: 9/9
   955 | D:5      | Found a shimmering blue altar of Sif Muna.
  1002 | D:5      | Found a staircase to the Ecumenical Temple.
  1011 | Temple   | Entered the Ecumenical Temple
  1214 | D:5      | Found a stormy altar of Qazlal.
  1341 | D:6      | Reached skill level 6 in Unarmed Combat
  1470 | D:6      | Reached XP level 8. HP: 46/48 MP: 10/10
  1515 | D:6      | You fall into a shaft and drop 1 floor!
  1578 | D:7      | Noticed a hippogriff
  1594 | D:7      | Killed a hippogriff
  1594 | D:7      | Reached skill level 7 in Unarmed Combat
  1706 | D:7      | Reached skill level 5 in Shields
  1762 | D:7      | HP: 1/48 [worker ant (7)]
  1763 | D:7      | Succumbed to a worker ant's poison

Levels and vault maps discovered:
D:1:      dpeg_arrival_long_road, layout_basic
D:2:      layout_basic, okawaru_trees_2, kennysheep_generic_room_2,
          uniq_sigmund, uniq_jessica
D:3:      layout_loops_corners, nicolae_overflow_crystal_walls,
          uniq_crazy_yiuf_cottage
D:4:      minmay_chambers_of_threes, layout_basic, serial_shops, shop,
          gammafunk_ghost_gnarly_gnolls, minmay_mini_ossuary, uniq_duvessa,
          uniq_robin, uniq_eustachio
D:5:      layout_loops_ring, nicolae_qazlal_eye_of_the_storm,
          minmay_temple_entry_statues_fountains, first_ration, basic_altar
D:6:      layout_basic, amethyst_overflow_temple_binary,
          minmay_shop_enchanted_jewellery, kb_lookout_dungeons_type,
          grunt_tough_drop
D:7:      layout_loops_ring, lemuel_coloured_pillars_altar, st_stairs_7,
          minmay_crystal_water
Temple:   zaba_magenta_temple

Skill      XL: |  1  2  3  4  5  6  7  8 |
---------------+-------------------------+-----
Shields        | 1 2 3 4 5 |  5.3
Unarmed Combat | 2 3 4 5 6 7 |  7.8
Necromancy     | 1 2 3 |  3.1
Translocations | 1 2 3 |  3.1
Fighting       | |  1.0
Short Blades   | |  1.0
Dodging        | |  2.0
Stealth        | |  1.5
Evocations     | |  3.3

Action                   |  1- 3 |  4- 6 |  7- 9 || total
-------------------------+-------+-------+-------++-------
Melee: Short sword       |    34 |    60 |    29 ||   123
       Constrict         |    12 |    10 |    25 ||    47
       Tentacles         |     3 |    13 |    28 ||    44
       Punch             |     2 |     3 |     9 ||    14
       Unarmed           |       |       |   108 ||   108
 Cast: Animate Skeleton  |       |       |     1 ||     1
 Abil: Evoke Berserk Rag |     1 |       |       ||     1
Evoke: Wand              |    10 |     8 |    15 ||    33
  Use: Scroll            |     5 |     2 |     2 ||     9
 Stab: Sleeping          |     3 |       |     1 ||     4
       Paralysed         |       |       |     6 ||     6
       Distracted        |       |       |     1 ||     1
  Eat: Chunk             |       |     1 |     3 ||     4
Armor: Skin              |     3 |     1 |     5 ||     9
Dodge: Dodged            |    13 |    15 |    28 ||    56
Block: Kite shield       |    23 |    38 |    76 ||   137

Table legend:
 A = Non-vault XP
 B = Vault XP
 C = Vault XP percentage of total XP
 D = Non-vault monster count
 E = Vault monster count
 F = Vault count percentage of total count
                 A         B        C        D         E       F
            +---------+---------+-------+---------+---------+-------
      Total |    1634 |     606 |  27.1 |      69 |      13 |  15.9
            +---------+---------+-------+---------+---------+-------
        D:1 |       2 |       0 |   0.0 |       1 |       0 |   0.0
        D:2 |       5 |      37 |  88.1 |       2 |       1 |  33.3
        D:3 |      10 |       2 |  16.7 |       5 |       1 |  16.7
        D:4 |      72 |     324 |  81.8 |       4 |      10 |  71.4
        D:5 |      84 |       0 |   0.0 |      12 |       0 |   0.0
        D:6 |     753 |       0 |   0.0 |      31 |       0 |   0.0
        D:7 |     708 |     243 |  25.6 |      14 |       1 |   6.7
            +---------+---------+-------+---------+---------+-------
